 Dungeon Crawl Stone Soup version 0.25-a0-707-g603da076d2 (webtiles) character file.

Game seed: 11267355046160964294, levelgen mode: deterministic

1 sanka the Sneak (level 1, 0/10 HPs)
             Began as a Felid Wanderer on Apr 4, 2020.
             Slain by a goblin
             ... wielding a cursed +0 club
              (1 damage)
             ... on level 1 of the Dungeon.
             The game lasted 00:00:27 (82 turns).

sanka the Sneak (Felid Wanderer)                      Turns: 82, Time: 00:00:28

Health: 0/10       AC:  1    Str:  9    XL:     1   Next: 16%
Magic:  4/4        EV: 15    Int: 11    God:
Gold:   0          SH:  0    Dex: 16    Spells: 3/4 levels left
                                        Lives:  0   Deaths: 0

rFire    . . .     SeeInvis +   (weapon unavailable)
rCold    . . .     Gourm    .   (shield unavailable)
rNeg     . . .     Faith    .   (armour unavailable)
rPois    .         Spirit   .   (helmet unavailable)
rElec    .         Reflect  .   (cloak unavailable)
rCorr    .         Harm     .   (gloves unavailable)
MR       .....                  (boots unavailable)
Stlth    +++.......             (no amulet)
HPRegen  0.03/turn              (no ring)
MPRegen  0.09/turn              (no ring)

@: quick
A: very small, no armour, no weapons or thrown items, stealth, claws 1, fangs 3,
see invisible, carnivore, speed 1, shaggy fur 1, slow metabolism 1, sharp paws
a: no special abilities


You were on level 1 of the Dungeon.
You were not hungry.

You visited 1 branch of the dungeon, and saw 1 of its levels.


Innate Abilities, Weirdness & Mutations

You cannot wear armour.
You are incapable of wielding weapons or throwing items.
Your paws allow you to move quietly. (Stealth)
You have sharp claws.
You have razor-sharp teeth.
You have supernaturally acute eyesight. (SInv)
You are carnivorous and can eat meat at any time.
You cover ground quickly.
You are covered in fur. (AC +1)
You have a slow metabolism.
Your sharp claws are effective at attacking unaware monsters.


   Skills:
 - Level 3.0 Fighting
 - Level 4.0 Stealth
 + Level 0.4 Unarmed Combat
 - Level 2.0 Spellcasting
   Level 1.5 Hexes
 - Level 1.1 Evocations


You had 3 spell levels left.
You knew the following spells:

 Your Spells              Type           Power        Failure   Level  Hunger
R - Summon Butterflies    Summ           #.......     28%         1    ##.....

Your spell library contained the following spells:

 Spells                   Type           Power        Failure   Level  Hunger
 Summon Guardian Golem    Hex/Summ       #.......     54%         3    ####...

Inventory:

Wands
 a - a wand of paralysis (15)
Comestibles
 c - a ration

Dungeon Overview and Level Annotations

Branches:
Dungeon (1/15)

Altars:

▒........ ▒▒......▒
▒......)▒ ▒......▒ ▒......▒
▒......▒ ▒......▒
▒▒▒▒▒▒▒▒▒▒▒▒▒▒▒▒▒▒......▒
▒...............hg.........
▒.▒▒▒▒▒▒▒▒▒▒▒▒▒▒▒▒▒▒▒▒▒▒▒▒▒
▒.▒ ▒.▒ ▒.▒ ▒.▒ ▒.▒ ▒.▒ ▒.▒


You could see a goblin.


Message History

You scratch the hobgoblin.
The hobgoblin is moderately wounded.
The hobgoblin closely misses you.
You scratch the hobgoblin but do no damage.
The hobgoblin is moderately wounded.
The hobgoblin closely misses you.
You barely miss the hobgoblin.
The hobgoblin is lightly wounded.
You see here a club.
The hobgoblin misses you.
You closely miss the hobgoblin.
The hobgoblin is lightly wounded.
The hobgoblin misses you.
You see here a club.
You scratch the hobgoblin.
The hobgoblin is heavily wounded.
The hobgoblin hits you with a +0 club.
* * * LOW HITPOINT WARNING * * *
You scratch the hobgoblin.
The hobgoblin is almost dead.
The hobgoblin closely misses you.
You scratch the hobgoblin.
You kill the hobgoblin!
You closely miss the goblin.
The goblin hits you with a cursed +0 club.
* * * LOW HITPOINT WARNING * * *
You barely miss the goblin. Your bite misses the goblin.
The goblin hits you with a cursed +0 club.
You die...

Action                   || total
-------------------------++-------
Melee: Unarmed           ||    14
Dodge: Dodged            ||     8

Levels and vault maps discovered:
D:1:      onia_arrival_mini_spirals, layout_basic, minmay_heptomino_d4

Notes
Turn   | Place    | Note
-------+----------+-------------------------------------------
     0 | D:1      | sanka the Felid Wanderer began the quest for the Orb.
     0 | D:1      | sanka set off with the following items: a wand of paralysis
                  | (15), a ration; and the following spell memorised: Summon
                  | Butterflies; and the following spells available to
                  | memorise: Summon Guardian Golem
     0 | D:1      | Reached XP level 1. HP: 10/10 MP: 4/4
    81 | D:1      | HP: 1/10 [goblin/cursed +0 club (3)]
    82 | D:1      | Slain by a goblin

Vanquished Creatures
  A hobgoblin (D:1)
1 creature vanquished.
